 Dungeon Crawl Stone Soup version 0.22-a0-77-g0fd0111 (webtiles) character file.

910 shenanigans the Slasher (level 8, 35/64 HPs)
             Began as a Barachi Monk on Jan 14, 2018.
             Was a Believer of Okawaru.
             Quit the game on level 5 of the Dungeon.
             The game lasted 00:14:14 (6450 turns).

shenanigans the Slasher (Barachi Monk)              Turns: 6450, Time: 00:14:15

Health: 35/64      AC:  7    Str: 12    XL:     8   Next: 8%
Magic:  6/9        EV: 20    Int: 12    God:    Okawaru [**....]
Gold:   366        SH:  0    Dex: 16    Spells: 7/7 levels left

rFire    . . .     SeeInvis .   a - +0 falchion
rCold    . . .     Gourm    .   (no shield)
rNeg     . . .     Faith    .   b - +0 robe
rPois    .         Spirit   .   (no helmet)
rElec    .         Reflect  .   (no cloak)
rCorr    .         Harm     .   v - +0 pair of gloves
MR       .....                  (no boots)
Stlth    ++........             (no amulet)
HPRegen  0.20/turn              e - ring of loudness (curse)
MPRegen  0.11/turn              s - +3 ring of protection

@: heroism, slow
A: +LOS, swims, slowness 1, strong legs 1
a: Hop, Heroism, Renounce Religion


You were on level 5 of the Dungeon.
You worshipped Okawaru.
Okawaru was pleased with you.
You were hungry.

You visited 2 branches of the dungeon, and saw 6 of its levels.
You also visited: Ossuary.

You collected 366 gold pieces.

Inventory:

Hand Weapons
 a - a +0 falchion (weapon)
 j - the +8 hunting sling of Wondrous Power {venom, rElec rF- MR+ Str+2, unknown}
   (You found it on level 4 of the Dungeon)

   It poisons the ammo it fires.
   It affects your strength (+2).
   It makes you vulnerable to fire.
   It insulates you from electricity.
   It affects your resistance to hostile enchantments.
 r - a +0 falchion
 u - a +1 flail of holy wrath
Missiles
 h - 5 javelins (quivered)
Armour
 b - a +0 robe (worn)
 v - a +0 pair of gloves (worn)
Jewellery
 e - a cursed ring of loudness (left hand)
 s - a +3 ring of protection (right hand)
Scrolls
 d - 3 scrolls of teleportation {unknown}
 f - 5 scrolls of remove curse {unknown}
 k - a scroll of immolation {unknown}
 l - 2 scrolls of magic mapping
 m - a scroll of enchant weapon {unknown}
 p - a scroll of identify
 q - a scroll of fog {unknown}
 t - a scroll of amnesia {unknown}
Potions
 g - 5 potions of curing
 i - 3 potions of haste
 n - a potion of lignification
 o - 2 potions of brilliance
Comestibles
 c - 7 rations


   Skills:
 + Level 6.2(11.2) Fighting
 + Level 6.3(11.3) Long Blades
 + Level 4.8(9.8) Armour
 + Level 5.7(10.7) Dodging
 - Level 1.7(6.7) Stealth
 * Level 2.0 Invocations


You had 7 spell levels left.
You didn't know any spells.

Dungeon Overview and Level Annotations

Branches:
Dungeon (5/15)             Temple (1/1) D:4

Altars:
Ashenzari
Cheibriados
Dithmenos
Elyvilon
Fedhas
Gozag
Hepliaklqana
Makhleb
Nemelex Xobeh
Okawaru
Qazlal
Ru
Sif Muna
Trog
Uskayaw
Vehumet
Wu Jian
Xom
Yredelemnul
Zin
The Shining One

Shops:
D:4 }


Innate Abilities, Weirdness & Mutations

Shadows flee at your approach. (+LOS)
You can swim through water.
You cover ground slowly.
You can hop short distances.


Message History

Unknown command.
You slash the ice beast!
The ice beast is almost dead.
The ice beast misses you.
You riposte.
You hit the ice beast.
You kill the ice beast!
Okawaru accepts your kill.
Your Invocations skill increases to level 2!
You have reached level 8!
You feel agile. The quokka zombie bites you.
Quiver which item? (- for none, * to show all) (? for menu, Esc to quit)
You don't have any such object.
Quiver which item? (- for none, * to show all) (? for menu, Esc to quit)
That's the wrong kind of item! (Use * to select it.) Quiver which item? (- for none, * to show all) (? for menu, Esc to quit)
That's the wrong kind of item! (Use * to select it.) Quiver which item? (- for none, * to show all) (? for menu, Esc to quit)
Okay, then.
Unknown command.
Are you sure you want to abandon this character and quit the game? (Confirm with "yes".)

###+##### #####.......###
.. #...(.........##
#.##.###..@.......##
.........Z....<......
#.######..........#.#
.######.. +..........#
#.......# #....#.......
#.......# #....#####...#
#.......######........#...#
+.......'.........(.......#
#.......####..##(#####.< .#


You could see a quokka zombie.

Vanquished Creatures
  A hungry ghost (D:4)
  An ice beast (D:5)
  A phantom (D:4)
  A crimson imp (D:5)
  2 hounds (D:5)
  An orc priest (D:5)
  2 orc wizards (D:5)
  3 worker ants
  A big kobold zombie (Ossuary)
  8 mummies (Ossuary)
  11 adders
  3 oozes
  An adder skeleton (D:4)
  4 worms
  A dart slug (D:4)
  2 leopard geckos (D:1)
  9 orcs
  3 ball pythons
  4 giant cockroaches
  11 goblins
  10 hobgoblins
  5 jackals
  3 quokkas
  7 bats
  8 frilled lizards
  3 hobgoblin zombies (Ossuary)
  11 kobolds
  A kobold zombie (Ossuary)
  3 orc zombies (Ossuary)
  A quokka zombie (D:5)
  8 rats
130 creatures vanquished.

Notes
Turn   | Place    | Note
-------+----------+-------------------------------------------
     0 | D:1      | shenanigans the Barachi Monk began the quest for the Orb.
     0 | D:1      | Reached XP level 1. HP: 18/18 MP: 1/1
   150 | D:1      | Reached XP level 2. HP: 16/25 MP: 2/2
   592 | D:1      | Reached skill level 1 in Armour
  1124 | D:1      | Reached XP level 3. HP: 30/30 MP: 3/3
  1635 | D:2      | Reached XP level 4. HP: 35/37 MP: 4/4
  2408 | D:3      | Reached XP level 5. HP: 43/43 MP: 5/5
  3226 | D:3      | Found a sparkling altar of Nemelex Xobeh.
  3494 | D:4      | Found Zumegheg's Gadget Shop.
  3520 | D:4      | Found a sand-covered staircase.
  3531 | Ossuary  | Entered an ossuary
  3628 | Ossuary  | Reached skill level 5 in Long Blades
  3877 | Ossuary  | Reached XP level 6. HP: 44/50 MP: 6/6
  3882 | Ossuary  | Reached skill level 5 in Fighting
  4737 | D:4      | Noticed a phantom
  4816 | D:4      | Got a scorched hunting sling
  4840 | D:4      | Killed a phantom
  4840 | D:4      | Reached skill level 5 in Dodging
  4904 | D:4      | Reached XP level 7. HP: 28/56 MP: 7/7
  5206 | D:4      | Noticed a hungry ghost
  5228 | D:4      | Killed a hungry ghost
  5339 | D:4      | Found a staircase to the Ecumenical Temple.
  5536 | Temple   | Entered the Ecumenical Temple
  5644 | Temple   | Became a worshipper of Warmaster Okawaru
  5644 | Temple   | Reached * piety under Okawaru
  5644 | Temple   | Reached ** piety under Okawaru
  5706 | D:5      | Entered Level 5 of the Dungeon
  6141 | D:5      | Found a shattered altar of Ashenzari.
  6153 | D:5      | Reached skill level 1 in Invocations
  6449 | D:5      | Reached XP level 8. HP: 38/64 MP: 6/9
  6450 | D:5      | Quit the game

Vault maps used:
D:1:      dpeg_arrival_snail
D:2:      minmay_goblin_outpost
D:3:      minmay_wonky_spiral, nemelex_dance_club_becter
D:4:      minmay_temple_entry_nine_rooms, serial_shops, nicolae_shop_waterfront,
          enter_ossuary_1
D:5:      first_ration, roderic_roman_lattice, interstate_on_off,
          evilmike_ruin_ashenzari
Temple:   kilobyte_greek_temple
Ossuary:  ossuary_tomb_3

Skill      XL: |  1  2  3  4  5  6  7 |
---------------+----------------------+-----
Armour         | 1 2 3 4 |  4.8
Fighting       | 4 5 6 |  6.2
Long Blades    | 4 5 6 |  6.3
Dodging        | 4 5 |  5.7
Invocations    | 2 |  2.0
Stealth        | |  1.7

Action                   |  1- 3 |  4- 6 |  7- 9 || total
-------------------------+-------+-------+-------++-------
Melee: Falchion          |   101 |   325 |   162 ||   588
Throw: Javelin           |     6 |    33 |     2 ||    41
Invok: Heroism           |       |       |     2 ||     2
  Use: Potion            |       |     7 |     3 ||    10
       Scroll            |       |     4 |     1 ||     5
 Stab: Sleeping          |     2 |     2 |       ||     4
  Eat: Chunk             |     1 |    10 |     6 ||    17
       Ration            |       |     1 |     1 ||     2
Armor: Robe              |    23 |    49 |    22 ||    94
       Skin              |       |    31 |       ||    31
Dodge: Dodged            |    89 |   232 |   119 ||   440
       Rpst.: Falchion   |    23 |    63 |    38 ||   124

Table legend:
 A = Spawn XP
 B = Non-spawn XP
 C = Spawn XP percentage of total XP
 D = Spawn monster count
 E = Non-spawn monster count
 F = Spawn count percentage of total count
 G = Total turns spent on level
                    A         B        C        D         E        F      G
               +---------+---------+-------+---------+---------+-------+---------
         Total |       0 |    1301 |   0.0 |       0 |     130 |   0.0 |  6450
               +---------+---------+-------+---------+---------+-------+---------
           D:1 |       0 |      48 |   0.0 |       0 |      26 |   0.0 |  1581
           D:2 |       0 |     115 |   0.0 |       0 |      32 |   0.0 |  1144
           D:3 |       0 |      73 |   0.0 |       0 |      24 |   0.0 |   744
           D:4 |       0 |     440 |   0.0 |       0 |      17 |   0.0 |  1003
           D:5 |       0 |     452 |   0.0 |       0 |      15 |   0.0 |   744
       Ossuary |       0 |     173 |   0.0 |       0 |      16 |   0.0 |  1085
               +---------+---------+-------+---------+---------+-------+---------
